 Dungeon Crawl Stone Soup version 0.26-a0-466-g989023bd0d (webtiles) character file.

Game seed: 15723793690216595741

12240 MalarOregon the Destroyer (level 11, -3/92 HPs)
             Began as a Green Draconian Conjurer on July 30, 2020.
             Was an Elder of Makhleb.
             Slain by a sixfirhy (10 damage)
             ... in a Gauntlet on July 31, 2020.
             The game lasted 00:28:09 (13323 turns).

MalarOregon the Destroyer (DrCj)                   Turns: 13323, Time: 00:28:09

Health: -3/92      AC:  9    Str: 11      XL:     11   Next: 59%
Magic:  21/21      EV: 12    Int: 18 (21) God:    Makhleb [****..]
Gold:   530        SH:  9    Dex:  9      Spells: 18/23 levels left

rFire    + . .     SeeInvis +   b - +3 Maxwell's thermic engine {flame, freeze}
rCold    + + .     Faith    .   x - +1 kite shield
rNeg     . . .     Spirit   .   (armour unavailable)
rPois    +         Reflect  .   T - +2 hat {SInv}
rElec    .         Harm     .   B - scarf {rC+ rF+}
rCorr    .         NoTele   +   (no gloves)
MR       .....                  (no boots)
Stlth    ++........             P - amulet of the acrobat
HPRegen  0.25/turn              o - ring of protection from cold
MPRegen  0.17/turn              (no ring)

@: very slightly contaminated
A: breathe noxious fumes, unfitting armour, poison resistance, cold-blooded, AC
+7
a: Breathe Noxious Fumes, Minor Destruction, Lesser Servant of Makhleb, Major
Destruction, Renounce Religion


You were in a Gauntlet.
You worshipped Makhleb.
Makhleb was greatly pleased with you.
You visited 2 branches of the dungeon, and saw 12 of its levels.
You also visited: Gauntlet.

You collected 714 gold pieces.
You spent 184 gold pieces at shops.

Inventory:

Hand Weapons
 a - a +4 dagger
   (You took it off a goblin on level 1 of the Dungeon)
 b - the +3 Maxwell's thermic engine (weapon) {flame, freeze}
   (You found it on level 5 of the Dungeon)

   It has been specially enchanted to burn those struck by it, causing extra
   injury to most foes and up to half again as much damage against particularly
   susceptible opponents.
   Big, fiery blades are also staple armaments of hydra-hunters.
   It has been specially enchanted to freeze those struck by it, causing extra
   injury to most foes and up to half again as much damage against particularly
   susceptible opponents.
 S - a +1 short sword of draining
   (You took it off a kobold on level 8 of the Dungeon)
 Y - a +1 dagger of venom
   (You took it off an orc on level 11 of the Dungeon)
Missiles
 g - 2 boomerangs of dispersal {!f}
 p - 11 curare-tipped darts (quivered) {!f}
 q - 65 poisoned darts
 E - 358 stones
 I - 6 throwing nets {!f}
 R - 5 atropa-tipped darts
Armour
 x - a +1 kite shield (worn)
   (You found it on level 4 of the Dungeon)
 B - a scarf of resistance (worn)
   (You found it on level 5 of the Dungeon)
 F - a +0 tower shield
   (You found it on level 6 of the Dungeon)
 T - a +2 hat of see invisible (worn)
   (You took it off Gastronok on level 8 of the Dungeon)
Jewellery
 j - a +4 ring of evasion
   (You found it on level 1 of the Dungeon)
 k - a +4 ring of evasion
   (You found it on level 1 of the Dungeon)
 l - an uncursed ring of protection from magic
   (You found it on level 8 of the Dungeon)
 o - a ring of protection from cold (left hand)
   (You found it on level 10 of the Dungeon)
 w - the ring of Past Mistakes {rC+ MP+9 Slay+4}
   (You found it on level 4 of the Dungeon)

   [ring of magical power]

   It affects your accuracy and damage with ranged weapons and melee attacks
   (+4).
   It protects you from cold.
   It affects your magic capacity (+9).
 P - an amulet of the acrobat (around neck)
   (You found it on level 1 of the Dungeon)
Wands
 c - a wand of disintegration (11)
   (You found it on level 8 of the Dungeon)
 d - a wand of iceblast (22)
   (You found it on level 4 of the Dungeon)
 t - a wand of flame (51)
   (You took it off Psyche on level 8 of the Dungeon)
 u - a wand of paralysis (6)
   (You found it on level 5 of the Dungeon)
 v - a wand of digging (8)
   (You took it off Harold on level 7 of the Dungeon)
Scrolls
 e - 5 scrolls of teleportation {@r4}
 y - 2 scrolls of fog
 K - 2 scrolls of enchant weapon
 L - a scroll of noise {!r}
 M - 7 scrolls of remove curse {@r2}
 Q - 8 scrolls of identify {@r1}
 W - a scroll of enchant armour
Potions
 f - 6 potions of flight
 h - a potion of berserk rage
 n - 4 potions of curing {@q1}
 r - 2 potions of haste {@q3}
 z - 2 potions of mutation {!q}
 A - a potion of cancellation
 H - a potion of resistance
 J - 4 potions of might
 U - a potion of lignification {!q}
 V - a potion of brilliance
 X - a potion of stabbing
Miscellaneous
 Z - a phantom mirror


   Skills:
 + Level 7.6 Fighting
 + Level 7.0(8.1) Short Blades
 + Level 6.0(7.5) Long Blades
 + Level 6.7 Dodging
 - Level 1.7 Stealth
 + Level 4.4 Shields
 + Level 6.9 Spellcasting
 - Level 8.0 Conjurations
 + Level 5.7 Hexes
 + Level 0.6 Invocations
 + Level 0.5 Evocations


You had 18 spell levels left.
You knew the following spells:

 Your Spells              Type           Power        Failure   Level
a - Magic Dart            Conj           ####         1%          1
z - Fulminant Prism       Conj/Hex       ####......   26%         4

Your spell library contained the following spells:

 Spells                   Type           Power        Failure   Level
 Searing Ray              Conj           #####.       2%          2
 Corona                   Hex            ####...      4%          1
 Dazzling Flash           Conj/Hex       ####..       8%          3
 Confusing Touch          Hex            ####....     12%         3
 Tukima's Dance           Hex            ####....     12%         3
 Ensorcelled Hibernation  Hex/Ice        ###...       21%         2
 Animate Skeleton         Necr           #.....       41%         1
 Pain                     Necr           #...         41%         1
 Iskenderun's Mystic Bla  Conj/Tloc      ###.....     63%         4
 Vampiric Draining        Necr           #.........   78%         3
 Animate Dead             Necr           #.........   99%         4
 Agony                    Necr           #.......     100%        5


Dungeon Overview and Level Annotations

Branches:
Dungeon (11/15)            Temple (1/1) D:4            Lair (0/6) D:10
    Orc (0/2) D:9         Gauntlet (1/1)

Altars:
Ashenzari
Cheibriados
Dithmenos
Elyvilon
Fedhas
Gozag
Hepliaklqana
Kikubaaqudgha
Makhleb
Nemelex Xobeh
Okawaru
Qazlal
Ru
Sif Muna
Trog
Uskayaw
Vehumet
Wu Jian
Xom
Yredelemnul
Zin
The Shining One

Shops:
D:9 *

Annotations:
D:10 1 runed translucent door, exclusion: 4 orange crystal statues Gauntlet 11 transporters, 2 runed translucent doors


Innate Abilities, Weirdness & Mutations

You can breathe blasts of noxious fumes.
Your lurid green scales are hard. (AC +7)
You cannot fit into any form of body armour.
Your system is resistant to poisons. (rPois)
You are cold-blooded and may be slowed by cold attacks.


Message History

The sixfirhy hits you! The sixfirhy shocks you!
* * * LOW HITPOINT WARNING * * *
Aim: a sixfirhy (severely wounded, chance to defeat MR: 32%)
The sixfirhy easily resists.
Aim: a sixfirhy (severely wounded, chance to defeat MR: 32%)
The sixfirhy easily resists.
The sixfirhy closely misses you. The sixfirhy hits you.
* * * LOW HITPOINT WARNING * * *
The sixfirhy shocks you!
* * * LOW HITPOINT WARNING * * *
Aim: a sixfirhy (heavily wounded, chance to defeat MR: 16%)
Okay, then.
Unknown command.
A demon appears!
It doesn't seem very happy.
The sixfirhy hits you!
* * * LOW HITPOINT WARNING * * *
The sixfirhy shocks you!
* * * LOW HITPOINT WARNING * * *
The sixfirhy hits you but does no damage. x2
The sixfirhy barely misses you.
You riposte.
You closely miss the sixfirhy.
You are very lightly contaminated with residual magic.
As you read the scroll of blinking, it crumbles to dust.
You block the sixfirhy's attack.
Okay, then.
You feel much better.
A demon appears!
The sixfirhy barely misses you. You block the sixfirhy's attack.
The sixfirhy barely misses you.
You riposte.
You closely miss the sixfirhy. The sixfirhy barely misses you.
You feel much better. You block the sixfirhy's attack. x2
The sixfirhy hits you but does no damage.
You completely miss the sixfirhy.
Your hellwing completely misses the sixfirhy.
Your hellwing hits the sixfirhy but does no damage.
You closely miss the sixfirhy.
Your tail-slap misses the sixfirhy.
Your hellwing completely misses the sixfirhy.
Your hellwing hits the sixfirhy. You hit the sixfirhy. You burn the sixfirhy.
You freeze the sixfirhy. The sixfirhy hits you.
* * * LOW HITPOINT WARNING * * *
The sixfirhy shocks you!
* * * LOW HITPOINT WARNING * * *
The sixfirhy hits you!
* * * LOW HITPOINT WARNING * * *
The sixfirhy shocks you!
* * * LOW HITPOINT WARNING * * *
The sixfirhy hits you.
* * * LOW HITPOINT WARNING * * *
The sixfirhy shocks you!
You die...

##≈## ##≈≈≈## ## ###
##≈≈≈≈≈## ###
##≈###≈###.......###≈##
#≈≈≈#≈≈≈#..∩.⌠.∩..#≈≈≈#
#≈.....©.........©....
##.#########.#########
##≈.#.......#.#.##D...#
#≈≈.#4@.....#=#..##..##
##≈.#3#####.#.#...#.###
##.#..5©4..#.#h##.##.#
##≈.#.#####.#.###.#...#
#≈≈.#.......#.##..##..#
##≈.#.).©!..#.#!.}©##.#
##.###################
##≈....#©.........©#...
#≈≈..⌠.#.⌠.⌠.⌠ .⌠.#.⌠.


You could see an orange demon (summoned), a sixfirhy and a friendly hellwing
(summoned).

Vanquished Creatures
  Gastronok (D:8)
  Harold (D:7)
  2 two-headed ogres (D:9)
  Psyche (D:8)
  Joseph (D:9)
  2 trolls
  A hornet (D:10)
  Prince Ribbit (D:6)
  2 hippogriffs
  4 yaks (D:10)
  2 wyverns (D:9)
  Eustachio (D:6)
  A steam dragon (D:9)
  2 insubstantial wisps (D:9)
  A water moccasin (D:8)
  An ice beast (D:10)
  3 sky beasts (D:9)
  2 phantoms
  7 orc warriors
  2 eyes of draining (D:5)
  5 ogres
  5 centaurs
  7 big kobolds
  5 bullfrogs
  2 gnoll sergeants
  A wyvern skeleton (D:10)
  5 scorpions
  A water moccasin zombie (D:7)
  7 killer bees
  4 wights
  2 centaur zombies
  4 hounds
  A bullfrog zombie (D:5)
  A centaur skeleton (D:6)
  2 bullfrog skeletons
  4 iguanas
  7 jellies
  4 orc priests
  12 orc wizards
  8 worker ants
  A killer bee zombie (D:6)
  2 hound zombies
  A hound skeleton (D:9)
  A howler monkey zombie (D:8)
  A worker ant zombie (D:5)
  6 gnolls
  10 adders
  A white imp (D:8)
  2 ufetubi
  An adder zombie (D:10)
  A dart slug (D:2)
  4 leopard geckos
  42 orcs
  A bat zombie (D:4)
  10 giant cockroaches
  10 hobgoblins
  6 jackals
  3 quokkas
  A ball python (D:9)
  4 bats
  3 frilled lizards
  5 goblins
  32 kobolds
  A leopard gecko skeleton (D:7)
  A leopard gecko zombie (D:7)
  A quokka skeleton (D:8)
  A rat (D:1)
  A rat zombie (D:4)
  2 plants (D:10)
280 creatures vanquished.

Vanquished Creatures (others)
  2 adders (D:9)
  6 fulminant prisms
8 creatures vanquished.

Grand Total: 288 creatures vanquished

Notes
Turn   | Place    | Note
-------+----------+-------------------------------------------
     0 | D:1      | MalarOregon the Draconian Conjurer began the quest for the
                  | Orb.
     0 | D:1      | Reached XP level 1. HP: 14/14 MP: 3/3
   426 | D:1      | Reached XP level 2. HP: 20/22 MP: 0/5
  1664 | D:2      | Reached skill level 1 in Fighting
  1666 | D:2      | Reached XP level 3. HP: 28/28 MP: 1/6
  1739 | D:2      | Reached skill level 1 in Short Blades
  2020 | D:2      | Reached skill level 1 in Shields
  2270 | D:2      | Found a burning altar of Makhleb.
  2280 | D:2      | Reached XP level 4. HP: 23/35 MP: 3/7
  2286 | D:2      | Became a worshipper of Makhleb the Destroyer
  2419 | D:2      | Noticed a phantom
  2472 | D:2      | Killed a phantom
  2472 | D:2      | Reached XP level 5. HP: 8/41 MP: 0/9
  3553 | D:3      | Reached XP level 6. HP: 49/49 MP: 4/10
  3603 | D:3      | Reached * piety under Makhleb
  3868 | D:4      | Found a staircase to the Ecumenical Temple.
  3877 | Temple   | Entered the Ecumenical Temple
  4279 | D:4      | Found a white marble altar of Elyvilon.
  4408 | D:4      | Got a coiled bronze ring
  4570 | D:4      | Found an ancient bone altar of Kikubaaqudgha.
  4988 | D:4      | Reached skill level 5 in Conjurations
  4988 | D:4      | Your scales start taking on a lurid green colour.
  4988 | D:4      | Reached XP level 7. HP: 29/57 MP: 10/12
  4988 | D:4      | Gained mutation: Your system is resistant to poisons.
                  | (rPois) [Green Draconian growth]
  5325 | D:5      | Entered Level 5 of the Dungeon
  5573 | D:5      | Learned a level 4 spell: Fulminant Prism
  5797 | D:5      | Found a shimmering blue altar of Sif Muna.
  6381 | D:5      | Found the +2 Maxwell's thermic engine {flame, freeze}
  6576 | D:5      | Found a shadowy altar of Dithmenos.
  6576 | D:5      | Found a burning altar of Makhleb.
  6576 | D:5      | Found a glowing silver altar of Zin.
  6577 | D:5      | Found a stormy altar of Qazlal.
  6677 | D:5      | Found a bloodstained altar of Trog.
  6701 | D:5      | Reached skill level 1 in Hexes
  6722 | D:5      | Reached XP level 8. HP: 66/66 MP: 0/13
  6946 | D:6      | Found a basalt altar of Yredelemnul.
  7144 | D:6      | Noticed Eustachio
  7149 | D:6      | Killed Eustachio
  7149 | D:6      | Reached skill level 1 in Long Blades
  7544 | D:6      | Reached ** piety under Makhleb
  7654 | D:6      | Noticed Prince Ribbit
  7737 | D:6      | Reached skill level 6 in Conjurations
  7955 | D:6      | Killed Prince Ribbit
  7955 | D:6      | Reached XP level 9. HP: 72/73 MP: 15/15
  8380 | D:7      | Reached skill level 5 in Fighting
  8401 | D:7      | Noticed Harold
  8406 | D:7      | Killed Harold
  8406 | D:7      | Reached skill level 5 in Dodging
  8406 | D:7      | Reached skill level 5 in Spellcasting
  8694 | D:7      | Reached skill level 5 in Short Blades
  9182 | D:8      | Noticed Psyche
  9204 | D:8      | Killed Psyche
  9204 | D:8      | Reached XP level 10. HP: 79/83 MP: 18/18
  9230 | D:8      | Reached *** piety under Makhleb
  9319 | D:8      | Reached skill level 7 in Conjurations
  9325 | D:8      | Noticed Gastronok
  9685 | D:8      | Found an ornate altar of the Wu Jian Council.
  9837 | D:8      | Killed Gastronok
 10000 | D:9      | Reached skill level 5 in Long Blades
 10224 | D:9      | Noticed Joseph
 10235 | D:9      | Killed Joseph
 10244 | D:9      | Found a shimmering altar of Xom.
 10279 | D:9      | Noticed a two-headed ogre
 10293 | D:9      | Killed a two-headed ogre
 10293 | D:9      | Reached skill level 5 in Hexes
 10293 | D:9      | Reached XP level 11. HP: 43/91 MP: 20/20
 10543 | D:9      | Found a sacrificial altar of Ru.
 10565 | D:9      | Noticed a two-headed ogre
 10581 | D:9      | Killed a two-headed ogre
 10747 | D:9      | Reached **** piety under Makhleb
 11084 | D:9      | Found a staircase to the Orcish Mines.
 11123 | D:9      | Found Pehauduu's Assorted Antiques.
 11129 | D:9      | Bought a scroll labeled LAONNIOVED for 23 gold pieces
 11129 | D:9      | Bought a potion of flight for 69 gold pieces
 11129 | D:9      | Bought a scroll of identify for 46 gold pieces
 11129 | D:9      | Bought a scroll of identify for 46 gold pieces
 11241 | D:9      | Reached skill level 8 in Conjurations
 11460 | D:10     | Entered Level 10 of the Dungeon
 11615 | D:10     | Found a staircase to the Lair.
 12191 | D:10     | Found a runed translucent door.
 12232 | D:10     | Found a runed translucent door.
 12236 | D:10     | Noticed an orange crystal statue
 12237 | D:10     | Found the +10 tower shield of Ignorance {rN+ Int-4}
 12356 | D:10     | Noticed an orange crystal statue
 12356 | D:10     | Noticed an orange crystal statue
 12356 | D:10     | Noticed an orange crystal statue
 12581 | D:10     | Noticed a two-headed ogre
 12863 | D:11     | Noticed a centaur warrior
 12875 | D:11     | Found a gate leading to a gauntlet.
 12882 | Gauntlet | Entered a Gauntlet
 12882 | Gauntlet | Found a transporter.
 12882 | Gauntlet | Found a transporter.
 13156 | Gauntlet | Found a transporter.
 13159 | Gauntlet | Noticed a sixfirhy
 13179 | Gauntlet | Identified the ring of Past Mistakes {rC+ MP+9 Slay+4} (You
                  | found it on level 4 of the Dungeon)
 13203 | Gauntlet | Found a transporter.
 13204 | Gauntlet | Found a transporter.
 13210 | Gauntlet | Noticed a sixfirhy
 13212 | Gauntlet | Found a transporter.
 13216 | Gauntlet | Found a transporter.
 13227 | Gauntlet | Found a transporter.
 13236 | Gauntlet | Noticed a six-headed hydra
 13243 | Gauntlet | Found a transporter.
 13254 | Gauntlet | Found a transporter.
 13258 | Gauntlet | Found a transporter.
 13258 | Gauntlet | Noticed a fire crab
 13262 | Gauntlet | Found a runed translucent door.
 13264 | Gauntlet | Found a runed translucent door.
 13266 | Gauntlet | Found a transporter.
 13315 | Gauntlet | HP: 2/92 [sixfirhy (9)]
 13323 | Gauntlet | Slain by a sixfirhy

Illustrated notes

Levels and vault maps discovered:
D:1:      dpeg_arrival_circle_labyrinth_a, layout_loops_ring,
          grunt_decor_clamped
D:2:      layout_loops_corners, makhleb_heckhound_becter
D:3:      layout_basic
D:4:      layout_gridville, lemuel_zombie_altar_kikubaaqudgha, elyvilon_altar_5,
          minmay_temple_entry_junction
D:5:      layout_gridville, trog_eyes_of_draining, led_sif_pool,
          chequers_temple_overflow_statue_of_worship
D:6:      layout_basic, basic_altar, minmay_misc_feat_plants,
          grunt_decor_arrowhead, uniq_prince_ribbit1, uniq_eustachio
D:7:      layout_loops_ring, minmay_misc_feat_more_columns, uniq_harold
D:8:      layout_basic, old_standard_altar, grunt_potential, uniq_gastronok,
          uniq_psyche
D:9:      layout_loops_ring, xom_teletrap_fun,
          nicolae_ru_great_annihilating_truth, david_orc_4, serial_shops,
          nicolae_shop_crystal, hangedman_misty_isle, uniq_joseph
D:10:     layout_gridville, dpeg_oklobed_lair, ebering_dispersal_statue_hall,
          chequers_guarded_unrand_ignorance
D:11:     layout_irregular_city, serial_column_ruins,
          column_ruins_corridor_straight, column_ruins_open_tiny,
          column_ruins_open_medium, column_ruins_corridor_dead_end,
          column_ruins_open_tiny, column_ruins_grid_3, gauntlet_entry_generic,
          minmay_bent
Temple:   minmay_freezing_vapour_temple
Gauntlet: minmay_gauntlet_77_indecision [minmay_gauntlet_arena_77_fan,
          minmay_gauntlet_arena_77_chump_sandwich,
          minmay_gauntlet_arena_77_shame_cube,
          minmay_gauntlet_arena_77_broken_ladder,
          minmay_gauntlet_arena_77_radiant_squares,
          minmay_gauntlet_arena_77_box, nicolae_gauntlet_exit_dead_adventurers]

Skill      XL: |  1  2  3  4  5  6  7  8  9 10 11 |
---------------+----------------------------------+-----
Dodging        | 2 3 4 5 6 |  6.7
Fighting       | 1 2 3 4 5 6 7 |  7.6
Short Blades   | 1 2 3 4 5 6 7 |  7.0
Shields        | 1 2 3 4 |  4.4
Spellcasting   | 3 4 5 6 |  6.9
Conjurations   | 5 6 7 8 |  8.0
Hexes          | 1 2 3 5 |  5.7
Long Blades    | 2 3 5 6 |  6.0
Stealth        | |  1.7
Invocations    | |  0.6
Evocations     | |  0.5

Action                   |  1- 3 |  4- 6 |  7- 9 | 10-12 || total
-------------------------+-------+-------+-------+-------++-------
Melee: Dagger            |    38 |    74 |   128 |       ||   240
       Tailslap          |     4 |     5 |    30 |    24 ||    63
       Double sword      |       |       |   185 |   364 ||   549
Throw: Dart              |       |    12 |    24 |     3 ||    39
 Cast: Magic Dart        |    70 |    55 |    19 |       ||   144
       Fulminant Prism   |       |       |       |     6 ||     6
Invok: Lesser Servant of |       |       |       |     2 ||     2
 Abil: Breathe Noxious F |       |       |     3 |       ||     3
Evoke: Wand              |       |       |     2 |     2 ||     4
  Use: Scroll            |     3 |     1 |       |    20 ||    24
       Potion            |       |     4 |       |     5 ||     9
 Stab: Sleeping          |       |     1 |     2 |     4 ||     7
       Confused          |       |       |     2 |       ||     2
       Paralysed         |       |       |     3 |     1 ||     4
       Distracted        |       |       |       |     1 ||     1
Armor: Skin              |    10 |     5 |    38 |    73 ||   126
Dodge: Dodged            |    26 |    56 |   300 |   401 ||   783
Block: Buckler           |     5 |     7 |    51 |    47 ||   110
       Kite shield       |       |       |       |    84 ||    84
       Rpst.: Double sword |       |       |    52 |    96 ||   148

Table legend: (Time is in decaauts)
 A = Elapsed time spent in this place.
 B = Non-inter-level travel time spent in this place.
 C = Inter-level travel time spent in this place.
 D = Time resting spent in this place.
 E = Time spent auto-exploring this place.
 F = Levels seen in this place.
 G = Mean time per level.
                   A        B        C        D        E       F      G
               +--------+--------+--------+--------+--------+-----+--------+
         Total |  13428 |  13068 |    360 |   2331 |   8141 |  13 | 1032.9 |
       Dungeon |  12990 |  12630 |    360 |   2063 |   8045 |  11 | 1180.9 |
        Temple |      1 |      1 |      0 |      0 |      0 |   1 |    1.0 |
      Gauntlet |    436 |    436 |      0 |    268 |     96 |   1 |  436.0 |
               +--------+--------+--------+--------+--------+-----+--------+

Top non-repeatable levels by time:
     D:2: 1741 daAuts
     D:5: 1601 daAuts
     D:4: 1573 daAuts
     D:8: 1361 daAuts
     D:9: 1299 daAuts
     D:1: 1289 daAuts
    D:10: 1277 daAuts
     D:6: 1208 daAuts
     D:7: 754 daAuts
     D:3: 710 daAuts
Gauntlet: 436 daAuts
    D:11: 173 daAuts
  Temple: 1 daAuts
